 Dungeon Crawl Stone Soup version 0.30-a0-800-g7c544603b3 (webtiles) character file.

Game seed: 6850976795988670865

518 garrulousMonolith the Sneak (level 7, -1/32 HPs)
             Began as a Spriggan Enchanter on Feb 22, 2023.
             Killed from afar by a white imp (10 damage)
             ... with a puff of frost
             ... on level 5 of the Dungeon.
             The game lasted 00:08:26 (4150 turns).

garrulousMonolith the Sneak (Spriggan Enchanter)    Turns: 4150, Time: 00:08:27

Health: -1/32      AC:  2    Str:  4    XL:     7   Next: 1%
Magic:  12/14      EV: 19    Int: 22    God:
Gold:   230        SH:  0    Dex: 18    Spells: 6/14 levels left

rFire   + . .      SeeInvis +    a - +1 dagger
rCold   . . .      Faith    .    (no shield)
rNeg    . . .      Spirit   .    b - +0 robe
rPois   .          Reflect  .    (helmet restricted)
rElec   .          Harm     .    (no cloak)
rCorr   .          Rampage  .    (gloves unavailable)
Will    +....                    (boots unavailable)
Stlth   +++                      (no amulet)
HPRegen 0.25/turn                h - ring of protection from fire
MPRegen 0.14/turn                m - +6 ring of intelligence

@: confusing by touch, very quick
A: very small, no large weapons, unfitting armour, see invisible, speed 3
a: no special abilities


You were on level 5 of the Dungeon.
You visited 2 branches of the dungeon, and saw 6 of its levels.

You collected 230 gold pieces.

Inventory:

Hand Weapons
 a - a +1 dagger (weapon)
 d - a +0 sling
Missiles
 q - 2 poisoned darts
 v - 3 atropa-tipped darts
Armour
 b - a +0 robe (worn)
 x - an orb of light
Jewellery
 g - a ring of resist corrosion
 h - a ring of protection from fire (left hand)
 i - a +5 ring of evasion
 m - a +6 ring of intelligence (right hand)
Wands
 r - a wand of roots (8)
 s - a wand of digging (6)
 y - a wand of flame (26)
Scrolls
 e - a scroll of poison
 f - a scroll of immolation {unknown}
 k - a scroll of magic mapping {unknown}
 o - a scroll of teleportation
Potions
 c - 2 potions of invisibility
 j - a potion of heal wounds {unknown}
 l - a potion of flight {unknown}
 n - 2 potions of lignification
 p - 2 potions of might
 t - a potion of ambrosia {unknown}
 u - 2 potions of degeneration {unknown}
 z - 2 potions of brilliance
 A - a potion of attraction {unknown}


   Skills:
 * Level 3.9 Short Blades
 * Level 5.0 Dodging
 + Level 6.0 Stealth
 + Level 4.0 Spellcasting
 + Level 4.8 Hexes
 * Level 2.3 Ice Magic


You had 6 spell levels left.
You knew the following spells:

 Your Spells              Type           Power      Damage    Failure   Level
a - Ensorcelled Hibernat  Hex/Ice        40%        N/A       3%          2
b - Confusing Touch       Hex            25%        N/A       4%          3
c - Tukima's Dance        Hex            25%        N/A       4%          3

Your spell library contained the following spells:

 Spells                   Type           Power      Damage    Failure   Level
 Dazzling Flash           Conj/Hex       30%        N/A       12%         3
 Sublimation of Blood     Necr           4%         N/A       17%         2
 Petrify                  Tmut/Erth      4%         N/A       73%         4
 Irradiate                Conj/Tmut      2%         3d12      97%         5


Dungeon Overview and Level Annotations

Branches:
Dungeon (5/15)             Temple (1/1) D:4

Altars:
Ashenzari
Elyvilon
Fedhas
Kikubaaqudgha
Qazlal
Ru
Sif Muna
Vehumet
Wu Jian
Xom
Zin
The Shining One


Innate Abilities, Weirdness & Mutations

You are very small and have problems with some larger weapons.
You are too small for most types of armour.
You have supernaturally acute eyesight. (SInv)
You cover ground extremely quickly. (Speed+++)


Message History

k - a scroll labelled RAETEKHLONK You open the door.
Found a stone staircase leading down.
There is an open door here.
A white imp comes into view.
Found 10 gold pieces.
The white imp shouts, "Give up, thou pribbling clay-brained wastrel!"
A white imp is nearby!
There is a stone staircase leading down here.
Casting: Ensorcelled Hibernation (safe; 3% risk of failure)
Confirm with . or Enter, or press ? or * to list all spells.
You can't see any susceptible monsters within range! (Use Z to cast anyway.)
Casting: Ensorcelled Hibernation (safe; 3% risk of failure)
Confirm with . or Enter, or press ? or * to list all spells.
Your hands begin to glow red.
The white imp gestures at you. The puff of frost hits you!
The white imp gestures at you. The puff of frost hits you.
You closely miss the white imp.
An ufetubus comes into view.
The white imp hits you. The white imp freezes you.
You closely miss the white imp. You closely miss the white imp.
The white imp gestures at you. The puff of frost hits you!
* * * LOW HITPOINT WARNING * * *
It was a potion of curing.
You feel better.
The ufetubus shouts!
The white imp hits you.
* * * LOW HITPOINT WARNING * * *
The white imp freezes you.
* * * LOW HITPOINT WARNING * * *
You feel better. The white imp misses you.
The white imp laughs crazily.
You completely miss the white imp. The white imp puffs mist at you.
The white imp gestures at you. The puff of frost hits you!
You die...

..............#
#####...#####.#
#...###.#.#
#.......#.#
#....##.#.#
#####...).....#
###.###...'...###.###
........>##...# #.#
..####@.##.### #.#
#5.##.# #.#
.......5....#####.#
............#.....#
....$.......#.########
............#.#.....<#
............#.#.######
####....###.#.#.#
...### .#.#.#


You could see a white imp and an ufetubus.

Vanquished Creatures
  A water moccasin (D:4)
  An ogre (D:5)
  2 phantoms (D:4)
  Ijyb (D:3)
  5 adders
  A shadow imp (D:3)
  An ufetubus (D:4)
  A worm (D:2)
  6 dart slugs
  An orc (D:3)
  8 ball pythons
  4 bats (D:1)
  7 endoplasms
  7 giant cockroaches
  4 goblins
  6 hobgoblins
  8 jackals
  7 kobolds
  5 quokkas
  5 frilled lizards
  2 rats (D:1)
83 creatures vanquished.

Notes
Turn   | Place    | Note
-------+----------+-------------------------------------------
     0 | D:1      | garrulousMonolith the Spriggan Enchanter began the quest
                  | for the Orb.
     0 | D:1      | Reached XP level 1. HP: 9/9 MP: 5/5
   227 | D:1      | Reached XP level 2. HP: 13/13 MP: 6/6
   242 | D:1      | Learned a level 2 spell: Ensorcelled Hibernation
   600 | D:1      | Reached XP level 3. HP: 16/16 MP: 6/8
  1362 | D:2      | Reached skill level 5 in Stealth
  1451 | D:2      | Reached XP level 4. HP: 21/21 MP: 6/9
  1722 | D:2      | Learned a level 3 spell: Confusing Touch
  1726 | D:2      | Learned a level 3 spell: Tukima's Dance
  1892 | D:2      | Identified the +2 ring mail "Ocsov" {rElec rF+ Dex+4}
  2244 | D:3      | Reached skill level 1 in Ice Magic
  2514 | D:3      | Noticed Ijyb
  2518 | D:3      | Killed Ijyb
  2674 | D:3      | Reached XP level 5. HP: 19/24 MP: 11/11
  3034 | D:4      | Noticed a phantom
  3048 | D:4      | Killed a phantom
  3210 | D:4      | Found a staircase to the Ecumenical Temple.
  3236 | Temple   | Entered the Ecumenical Temple
  3630 | D:4      | Noticed a water moccasin
  3636 | D:4      | Killed a water moccasin
  3637 | D:4      | Reached XP level 6. HP: 28/28 MP: 7/12
  4057 | D:5      | Entered Level 5 of the Dungeon
  4088 | D:5      | Reached skill level 5 in Dodging
  4088 | D:5      | Reached skill level 6 in Stealth
  4088 | D:5      | Reached XP level 7. HP: 32/32 MP: 10/14
  4150 | D:5      | Killed from afar by a white imp

Illustrated notes

Levels and vault maps discovered:
D:1:      dpeg_arrival_fog, layout_loops_cross
D:2:      layout_rooms
D:3:      layout_basic, minmay_pentangle, uniq_ijyb
D:4:      layout_rooms, minmay_temple_entry_trees
D:5:      layout_basic, kennysheep_generic_room_8
Temple:   minmay_temple_bridge_abc

Skill      XL: |  1  2  3  4  5  6 |
---------------+-------------------+-----
Dodging        | 3 4 5 |  5.0
Short Blades   | 2 3 |  3.9
Hexes          | 4 |  4.8
Spellcasting   | 3 4 |  4.0
Stealth        | 5 6 |  6.0
Ice Magic      | 1 2 |  2.3

Action                     |  1- 3 |  4- 6 |  7- 9 || total
---------------------------+-------+-------+-------++-------
  Melee: Dagger            |    78 |   134 |     4 ||   216
         Punch             |     1 |     1 |       ||     2
   Fire: Sling             |     2 |       |       ||     2
   Cast: Ensorcelled Hiber |    19 |    14 |       ||    33
         Confusing Touch   |       |     3 |     1 ||     4
    Use: Scroll            |       |     5 |       ||     5
         Potion            |       |       |     2 ||     2
   Stab: Sleeping          |    22 |    26 |       ||    48
         Confused          |       |     3 |       ||     3
 Armour: Robe              |     5 |     9 |       ||    14
  Dodge: Dodged            |    45 |    93 |     1 ||   139

Table legend: (Time is in decaauts)
 A = Elapsed time spent in this place.
 B = Non-inter-level travel time spent in this place.
 C = Inter-level travel time spent in this place.
 D = Time resting spent in this place.
 E = Time spent auto-exploring this place.
 F = Levels seen in this place.
 G = Mean time per level.
                   A        B        C        D        E       F      G
               +--------+--------+--------+--------+--------+-----+--------+
         Total |   3042 |   2959 |     83 |    831 |   1544 |   6 |  507.0 |
       Dungeon |   2902 |   2840 |     62 |    831 |   1439 |   5 |  580.4 |
        Temple |    139 |    119 |     20 |      0 |    105 |   1 |  139.0 |
               +--------+--------+--------+--------+--------+-----+--------+

Top non-repeatable levels by time:
     D:1: 843 daAuts
     D:3: 700 daAuts
     D:2: 673 daAuts
     D:4: 615 daAuts
  Temple: 139 daAuts
     D:5: 70 daAuts
